 Dungeon Crawl Stone Soup version 0.22-a0-322-g60b3cfd (webtiles) character file.

13339 4thArraOfDagon the Severer (level 12, -2/101 HPs)
             Began as a Hill Orc Air Elementalist on Apr 4, 2018.
             Was a High Priest of Fedhas.
             Slain by a five-headed hydra (13 damage)
             ... on level 13 of the Dungeon.
             The game lasted 00:37:11 (11693 turns).

4thArraOfDagon the Severer (HOAE)                  Turns: 11693, Time: 00:37:12

Health: -2/101     AC: 13    Str: 18    XL:     12   Next: 5%
Magic:  28/28      EV: 15    Int: 19    God:    Fedhas [*****.]
Gold:   652        SH:  0    Dex: 16    Spells: 6/14 levels left

rFire    + + .     SeeInvis .   E - +2 demon whip of the Peculiar Stars {freeze, rF+ Str+4}
rCold    . . .     Gourm    .   (no shield)
rNeg     . . .     Faith    .   w - +1 scale mail {rF+}
rPois    .         Spirit   .   (helmet restricted)
rElec    +         Reflect  .   y - +0 cloak (curse)
rCorr    .         Harm     .   (no gloves)
MR       .....     Clarity  +   P - +1 pair of boots
Stlth    ++........             v - amulet of regeneration (curse)
HPRegen  0.66/turn              k - ring of magical power
MPRegen  0.21/turn              m - ring of wizardry

@: agile
A: antennae 1, clarity, electricity resistance, strong 1
a: Fungal Bloom, Evolution, Sunlight, Growth, Reproduction, Rain, Renounce
Religion


You were on level 13 of the Dungeon.
You worshipped Fedhas.
Fedhas was extremely pleased with you.
You were not hungry.

You visited 2 branches of the dungeon, and saw 14 of its levels.

You collected 652 gold pieces.

Inventory:

Hand Weapons
 b - a +1 spear
 f - a +0 flail
 g - a +3 battleaxe
 i - a +0 war axe
 t - a +0 hand axe
 E - the +2 demon whip of the Peculiar Stars (weapon) {freeze, rF+ Str+4}
   (You found it on level 8 of the Dungeon)

   It has been specially enchanted to freeze those struck by it, causing extra
   injury to most foes and up to half again as much damage against particularly
   susceptible opponents.
   It can also slow down cold-blooded creatures.
   It affects your strength (+4).
   It protects you from fire.
 K - a +1 scimitar of flaming
Armour
 d - a +1 plate armour of positive energy
 h - a +0 ring mail
 l - a +0 cloak
 q - a +1 helmet
 w - a +1 scale mail of fire resistance (worn)
 y - a cursed +0 cloak (worn)
 P - a +1 pair of boots (worn)
Magical Staves
 N - an uncursed staff of fire
 O - an uncursed staff of conjuration {!a}
Jewellery
 k - a ring of magical power (left hand)
 m - a ring of wizardry (right hand)
 v - a cursed amulet of regeneration (around neck)
 C - an uncursed ring of see invisible
 D - an uncursed ring of protection from fire
Wands
 F - a wand of flame (16)
 L - a wand of digging (30)
Scrolls
 a - a scroll of enchant armour
 e - 3 scrolls of remove curse
 j - 2 scrolls of enchant weapon
 n - 2 scrolls of amnesia
 o - 4 scrolls of fog
 s - a scroll of blinking
 u - 2 scrolls of fear
 x - 3 scrolls of teleportation
 H - a scroll of brand weapon
 J - a scroll of holy word
 M - a scroll of identify
Potions
 p - 2 potions of flight
 r - 3 potions of cancellation
 z - 3 potions of heal wounds
 A - 2 potions of berserk rage
 B - a potion of haste
 I - 5 potions of curing
 R - 2 potions of lignification {unknown}
Comestibles
 c - 21 rations


   Skills:
 - Level 8.0 Fighting
 * Level 16.2 Axes
 + Level 9.1 Armour
 - Level 1.5 Dodging
 - Level 1.5 Stealth
 - Level 1.5 Spellcasting
 - Level 3.0 Conjurations
 - Level 2.4 Air Magic
 - Level 10.0 Invocations


You had 6 spell levels left.
You knew the following spells:

 Your Spells              Type           Power        Failure   Level  Hunger
a - Shock                 Conj/Air       ##..         6%          1    ##.....
b - Airstrike             Air            ##........   52%         4    #####..
c - Regeneration          Chrm/Necr      #.........   45%         3    ####...


Dungeon Overview and Level Annotations

Branches:
Dungeon (13/15)            Temple (1/1) D:5            Lair (0/6) D:9
    Orc (0/2) D:10
 Vaults: D:13-14

Altars:
Ashenzari
Cheibriados
Dithmenos
Elyvilon
Fedhas
Gozag
Hepliaklqana
Kikubaaqudgha
Makhleb
Nemelex Xobeh
Okawaru
Qazlal
Ru
Sif Muna
Trog
Uskayaw
Vehumet
Wu Jian
Xom
Yredelemnul
Zin
The Shining One

Shops:
D:6 [   D:13 *

Portals:
Trove: D:10 (give 7 potions of haste)


Innate Abilities, Weirdness & Mutations

You have a pair of small antennae on your head.
You possess an exceptional clarity of mind.
You are resistant to electric shocks. (rElec)
Your muscles are strong. (Str +2)


Message History

The five-headed hydra is almost dead.
The five-headed hydra barely misses you.
The five-headed hydra bites you!
* * * LOW HITPOINT WARNING * * *
The five-headed hydra barely misses you.
The five-headed hydra bites you.
* * * LOW HITPOINT WARNING * * *
The five-headed hydra bites you but does no damage.
Unknown command.
You barely miss the five-headed hydra.
The five-headed hydra is almost dead.
A wraith comes into view.
Unknown command.
You barely miss the five-headed hydra.
The five-headed hydra is almost dead.
The five-headed hydra closely misses you.
The five-headed hydra barely misses you.
The five-headed hydra misses you. The five-headed hydra bites you!
You die...
Fedhas appreciates your contribution to the ecosystem.

.# #.. # #.# #..
.######W###### ###..##
..(......... .......
#...(....# #######
#.:......# #
#........# #
#...DT...# #....@...#
#........##
#.∩.......###
#...........####### ..
###########<.......[.#
##..###### . ### #. ..


You could see a five-headed hydra, a troll and a wraith.

Vanquished Creatures
  Erica (D:10)
  A two-headed ogre (D:9)
  2 trolls
  2 hornets
  3 hippogriffs
  A shadow (D:11)
  2 wraiths
  8 yaks
  2 wyverns
  Eustachio (D:4)
  Grum (D:10)
  An acid dragon (D:11)
  2 water moccasins
  A porcupine (D:9)
  An ice beast (D:11)
  2 black bears
  2 phantoms (D:10)
  5 sky beasts
  A necrophage (D:8)
  3 orc warriors
  2 wolves (D:10)
  6 ogres
  A tengu (D:11)
  A boggart (D:11)
  A crocodile (D:9)
  14 centaurs
  Blork the orc (D:6)
  5 bullfrogs
  A big kobold (D:12)
  9 scorpions
  7 wights
  15 killer bees
  A howler monkey (D:4)
  8 crimson imps
  A bullfrog zombie (D:9)
  2 centaur zombies
  4 hounds
  2 jellies
  6 orc priests
  9 orc wizards
  4 centaur skeletons
  3 bullfrog skeletons
  3 iguanas
  7 worker ants
  A hound zombie (D:11)
  2 hound skeletons (D:8)
  2 howler monkey zombies (D:11)
  3 worker ant zombies
  6 gnolls
  15 adders
  A river rat (D:11)
  4 shadow imps
  2 oozes
  An adder skeleton (D:6)
  An adder zombie (D:5)
  3 worms
  2 dart slugs (D:2)
  3 leopard geckos
  38 orcs
  4 giant cockroaches
  13 goblins
  6 hobgoblins
  12 jackals
  10 quokkas
  4 ball pythons
  2 bats
  10 frilled lizards
  11 kobolds
  10 rats
321 creatures vanquished.

Vanquished Creatures (others)
  166 toadstools
166 creatures vanquished.

Grand Total: 487 creatures vanquished

Notes
Turn   | Place    | Note
-------+----------+-------------------------------------------
     0 | D:1      | 4thArraOfDagon the Hill Orc Air Elementalist began the quest for the Orb.
     0 | D:1      | Reached XP level 1. HP: 14/14 MP: 3/3
    78 | D:1      | Reached XP level 2. HP: 7/20 MP: 1/4
   455 | D:1      | Reached XP level 3. HP: 22/26 MP: 1/5
   617 | D:2      | Found a faded altar of an unknown god.
   681 | D:3      | Reached skill level 1 in Fighting
  1007 | D:4      | Found a stormy altar of Qazlal.
  1008 | D:4      | Noticed an ogre
  1055 | D:4      | Reached XP level 4. HP: 31/36 MP: 6/6
  1075 | D:4      | Found a glowing golden altar of the Shining One.
  1124 | D:4      | Reached XP level 5. HP: 39/46 MP: 3/7
  1212 | D:4      | Learned a level 4 spell: Airstrike
  1328 | D:4      | Noticed Eustachio
  1339 | D:5      | Entered Level 5 of the Dungeon
  1512 | D:6      | Reached skill level 5 in Fighting
  1512 | D:6      | Reached XP level 6. HP: 40/57 MP: 8/8
  1699 | D:6      | Found Qinlagust's Antique Armour Shop.
  1940 | D:6      | Noticed Blork the orc
  1963 | D:6      | Killed Blork the orc
  1963 | D:6      | Reached XP level 7. HP: 52/66 MP: 7/9
  1974 | D:6      | Reached skill level 1 in Axes
  2094 | D:7      | Reached skill level 2 in Axes
  2183 | D:7      | Noticed a hornet
  2185 | D:7      | RIP
  2188 | D:7      | Paralysed by a hornet for 2 turns
  2192 | D:7      | YEP
  2328 | D:6      | HOW
  2881 | D:5      | Reached skill level 3 in Axes
  3217 | D:5      | Reached skill level 4 in Axes
  3391 | D:5      | Found a sacrificial altar of Ru.
  3428 | D:5      | Reached skill level 5 in Axes
  3515 | D:4      | Killed Eustachio
  3515 | D:4      | Reached skill level 6 in Axes
  3515 | D:4      | Reached XP level 8. HP: 56/74 MP: 10/10
  3601 | D:4      | Reached skill level 7 in Axes
  3756 | D:4      | Reached skill level 8 in Axes
  4243 | D:5      | Found a staircase to the Ecumenical Temple.
  4265 | Temple   | Entered the Ecumenical Temple
  4317 | Temple   | Became a worshipper of Fedhas Madash
  4542 | D:1      | Reached * piety under Fedhas
  5305 | D:3      | Reached skill level 1 in Invocations
  5824 | D:3      | Reached skill level 1 in Armour
  6126 | D:5      | Reached skill level 9 in Axes
  6410 | D:5      | Gained mutation: You have a pair of small antennae on your head. [potion of mutation]
  6410 | D:5      | Gained mutation: You are resistant to electric shocks. (rElec) [potion of mutation]
  6410 | D:5      | Gained mutation: You possess an exceptional clarity of mind. [potion of mutation]
  6410 | D:5      | Gained mutation: Your muscles are strong. (Str +2) [potion of mutation]
  6790 | D:6      | Reached XP level 9. HP: 77/81 MP: 11/11
  6792 | D:6      | Reached ** piety under Fedhas
  7013 | D:6      | Noticed a troll
  7033 | D:6      | Killed a troll
  7033 | D:6      | Reached skill level 10 in Axes
  7181 | D:7      | Noticed a troll
  7186 | D:7      | Killed a troll
  7237 | D:7      | Killed a hornet
  7346 | D:7      | Found a hazy altar of Hepliaklqana.
  7370 | D:7      | Reached skill level 11 in Axes
  7387 | D:7      | Reached skill level 5 in Invocations
  7587 | D:7      | Reached skill level 5 in Armour
  7587 | D:7      | Reached XP level 10. HP: 39/88 MP: 14/14
  7674 | D:7      | Reached skill level 12 in Axes
  7809 | D:8      | Learned a level 3 spell: Regeneration
  7851 | D:8      | Found a sparkling altar of Nemelex Xobeh.
  7914 | D:8      | Reached *** piety under Fedhas
  8106 | D:8      | Noticed a two-headed ogre
  8453 | D:9      | Reached skill level 13 in Axes
  8612 | D:8      | Got a smoking demon whip
  8613 | D:8      | Identified the +2 demon whip of the Peculiar Stars {freeze, rF+ Str+4} (You found it on level 8 of the Dungeon)
  8875 | D:9      | Found a staircase to the Lair.
  8894 | D:9      | Noticed a two-headed ogre
  8902 | D:9      | Killed a two-headed ogre
  8946 | D:10     | Entered Level 10 of the Dungeon
  9033 | D:10     | Reached skill level 14 in Axes
  9033 | D:10     | Reached XP level 11. HP: 89/94 MP: 17/17
  9173 | D:10     | Found a staircase to the Orcish Mines.
  9225 | D:10     | Found a portal to a secret trove of treasure.
  9480 | D:10     | Noticed Grum
  9499 | D:10     | Killed Grum
  9504 | D:10     | Noticed Erica
  9661 | D:9      | Reached **** piety under Fedhas
  9946 | D:10     | Killed Erica
 10326 | D:11     | Reached skill level 15 in Axes
 10783 | D:12     | Noticed a seven-headed hydra
 10797 | D:11     | Reached skill level 10 in Invocations
 10820 | D:12     | Noticed Psyche
 10832 | D:11     | Noticed Psyche
 10832 | D:11     | Psyche changed into Psyche the hornet
 10835 | D:11     | Paralysed by Psyche for 1 turns
 10838 | D:11     | Paralysed by Psyche for 3 turns
 11105 | D:11     | Killed Psyche the hornet
 11143 | D:12     | Reached skill level 16 in Axes
 11331 | D:12     | Reached XP level 12. HP: 81/101 MP: 19/19
 11367 | D:12     | Reached ***** piety under Fedhas
 11669 | D:13     | Found Fooleq's General Store.
 11676 | D:13     | Noticed a five-headed hydra
 11693 | D:13     | Slain by a five-headed hydra

Vault maps used:
D:1:      dpeg_arrival_ratfight, serial_bayou, serial_bayou_shore_b,
          serial_bayou_lagoon_b, serial_bayou_lagoon_a, serial_bayou_shore_a
D:2:      chequers_ecumenical_altar_simple_redux, first_ration, serial_glass,
          glass_columns_a, glass_columns_b
D:4:      nicolae_qazlal_general_emergency, overflow_temple_1_default,
          grunt_decor_resistance, item_on_display_a, uniq_eustachio
D:5:      minmay_temple_entry_purple_smoke, serial_co_window_serial,
          co_window_of_opportunity_a, co_window_of_opportunity_a,
          co_window_corner_a, co_window_paths_b, co_window_corner_a,
          co_window_paths_a, co_window_of_opportunity_a, co_window_broadway_c,
          co_window_corner_b, co_window_broadway_b, co_window_broadway_a,
          co_window_broadway_b, co_window_broadway_b, glass_columns_c,
          glass_columns_b, nicolae_ru_path_of_blood
D:6:      serial_shops, nicolae_shop_waterfront, hangedman_decor_push,
          uniq_blork_the_orc
D:7:      overflow_temple_1_default
D:8:      nemelex_xobeh_ov_fountains_minmay
D:9:      grunt_lair_entry_orc_guard_hut
D:10:     orc_0_dummy, serial_shops, nicolae_shop_stone,
          nicolae_trove_entry_crystal, uniq_grum, uniq_erica
D:12:     uniq_psyche
D:13:     david_vaults_5, serial_shops, shop, shop, shop
Temple:   compressed_dpeg_circular_temple

Skill      XL: |  1  2  3  4  5  6  7  8  9 10 11 |
---------------+----------------------------------+-----
Conjurations   | 2 3 |  3.0
Fighting       | 2 4 5 7 8 |  8.0
Axes           | 6 9 11 14 16 | 16.2
Invocations    | 2 6 8 10 | 10.0
Armour         | 2 5 7 9 |  9.1
Dodging        | |  1.5
Stealth        | |  1.5
Spellcasting   | |  1.5
Air Magic      | |  2.4

Action                   |  1- 3 |  4- 6 |  7- 9 | 10-12 || total
-------------------------+-------+-------+-------+-------++-------
Melee: Unarmed           |     3 |       |       |       ||     3
       Spear             |    67 |       |       |       ||    67
       Flail             |       |    20 |    28 |       ||    48
       Hand axe          |       |       |   277 |       ||   277
       Battleaxe         |       |       |    18 |   156 ||   174
       Demon whip        |       |       |       |   550 ||   550
 Cast: Shock             |    37 |    64 |   179 |    23 ||   303
Invok: Fungal Bloom      |       |       |    21 |    36 ||    57
Evoke: Wand              |       |       |     7 |    21 ||    28
  Use: Potion            |     4 |       |     3 |     3 ||    10
       Scroll            |     4 |     4 |     7 |     5 ||    20
  Eat: Chunk             |     1 |     5 |    18 |    17 ||    41
       Ration            |       |       |     1 |       ||     1
Armor: Robe              |     4 |       |       |       ||     4
       Ring mail         |    21 |    38 |    65 |       ||   124
       Scale mail        |       |       |   112 |   292 ||   404
Dodge: Dodged            |    92 |    42 |   212 |   288 ||   634

Table legend:
 A = Spawn XP
 B = Non-spawn XP
 C = Spawn XP percentage of total XP
 D = Spawn monster count
 E = Non-spawn monster count
 F = Spawn count percentage of total count
 G = Total turns spent on level
                    A         B        C        D         E        F      G
               +---------+---------+-------+---------+---------+-------+---------
         Total |       0 |   19056 |   0.0 |       0 |     321 |   0.0 | 11693
               +---------+---------+-------+---------+---------+-------+---------
           D:1 |       0 |      44 |   0.0 |       0 |      31 |   0.0 |   863
           D:2 |       0 |      89 |   0.0 |       0 |      21 |   0.0 |   636
           D:3 |       0 |     157 |   0.0 |       0 |      24 |   0.0 |  1150
           D:4 |       0 |     721 |   0.0 |       0 |      26 |   0.0 |  1032
           D:5 |       0 |     545 |   0.0 |       0 |      20 |   0.0 |  1796
           D:6 |       0 |    1238 |   0.0 |       0 |      23 |   0.0 |  1275
           D:7 |       0 |    2200 |   0.0 |       0 |      26 |   0.0 |   911
           D:8 |       0 |    1525 |   0.0 |       0 |      24 |   0.0 |   685
           D:9 |       0 |    2606 |   0.0 |       0 |      27 |   0.0 |   531
          D:10 |       0 |    3383 |   0.0 |       0 |      24 |   0.0 |  1052
          D:11 |       0 |    4184 |   0.0 |       0 |      49 |   0.0 |  1093
          D:12 |       0 |    2274 |   0.0 |       0 |      21 |   0.0 |   506
          D:13 |       0 |      90 |   0.0 |       0 |       5 |   0.0 |    94
               +---------+---------+-------+---------+---------+-------+---------
